 Dungeon Crawl Stone Soup version 0.30.0-5-g1a98f26d00 (webtiles) character file.

Game seed: 1487930664620320628

903 Tirrikindir the Cudgeller (level 8, -10/48 HPs)
             Began as a Gargoyle Fighter on May 11, 2023.
             Was an Initiate of Gozag.
             Mangled by an ogre
             ... wielding a +0 giant spiked club
              (30 damage)
             ... on level 5 of the Dungeon.
             The game lasted 00:11:40 (4334 turns).

Tirrikindir the Cudgeller (Gargoyle Fighter)        Turns: 4334, Time: 00:11:40

Health: -10/48     AC: 15    Str: 19    XL:     8   Next: 7%
Magic:  11/11      EV:  8    Int: 10    God:    Gozag
Gold:   580        SH: 10    Dex: 11    Spells: 11/11 levels left

rFire   . . .        a - +1 flail
rCold   . . .        c - +0 buckler
rNeg    + . .        i - +0 chain mail
rPois   ∞            (no helmet)
rElec   +            (no cloak)
rCorr   .            (no gloves)
SInv    +            (no boots)
Will    +....        v - amulet of reflection Stlth
                     w - ring of see invisible
HPRegen 0.28/turn    s - ring of willpower
MPRegen 0.12/turn

%: reflection
@: no status effects
A: sickness immunity, AC +5, negative energy resistance 1, electricity
resistance, torment resistance 1, petrification resistance
a: Renounce Religion, Potion Petition, Call Merchant, Bribe Branch


You were on level 5 of the Dungeon.
You worshipped Gozag.
Gozag was pleased with you.
You visited 2 branches of the dungeon, and saw 6 of its levels.

You collected 616 gold pieces.
You paid 36 gold pieces to Gozag.

Inventory:

Hand Weapons
 a - a +1 flail (weapon)
 e - a +0 flail of holy wrath
Missiles
 n - 3 poisoned darts (quivered)
Armour
 c - a +0 buckler (worn)
 i - a +0 chain mail (worn)
Jewellery
 f - a ring of protection from fire
 s - a ring of willpower (right hand)
 v - an amulet of reflection (around neck)
 w - a ring of see invisible (left hand)
Wands
 j - a wand of quicksilver (6)
 l - a wand of flame (9)
 u - a wand of paralysis (20)
 A - a wand of digging (2)
Scrolls
 b - a scroll of torment
 d - 2 scrolls of enchant armour
 h - 2 scrolls of teleportation
 k - a scroll of magic mapping {unknown}
 m - a scroll of acquirement {unknown}
 r - a scroll of fear {unknown}
 x - a scroll of immolation {unknown}
 y - a scroll of enchant weapon
 z - 3 scrolls of amnesia {unknown}
Potions
 g - a potion of berserk rage {unknown}
 o - a potion of curing {unknown}
 p - a potion of brilliance {unknown}
 q - 2 potions of flight {unknown}
 t - a potion of attraction {unknown}
 B - a potion of ambrosia {unknown}
 C - a potion of heal wounds


   Skills:
 - Level 4.0 Fighting
 * Level 5.5 Maces & Flails
 - Level 5.0 Armour
 - Level 2.0 Dodging
 - Level 5.0 Shields
 + Level 2.2 Spellcasting
 + Level 2.3 Evocations


You had 11 spell levels left.
You didn't know any spells.
Your spell library contained the following spells:

 Spells                   Type           Power      Damage    Failure   Level
 Sandblast                Erth           2%         2d4       96%         1
 Passwall                 Tmut/Erth      0%         N/A       99%         2
 Stone Arrow              Conj/Erth      2%         3d7       100%        3


Dungeon Overview and Level Annotations

Branches:
Dungeon (5/15)             Temple (1/1) D:4

Altars:
Cheibriados
Dithmenos
Elyvilon
Fedhas
Gozag
Makhleb
Nemelex Xobeh
Okawaru
Ru
Trog
Xom
Yredelemnul
Zin
The Shining One


Innate Abilities, Weirdness & Mutations

You are immune to sickness and miasma.
Your stone body is resilient. (AC +5)
You are immune to poison.
You resist negative energy. (rN+)
You are resistant to electric shocks. (rElec)
You are resistant to unholy torment.
You are immune to petrification.


Message History

The white imp is heavily wounded.
You block the white imp's attack.
You thump the white imp!
You kill the white imp!
You now have 564 gold pieces (gained 34).
There is an open door, spattered with blood here.
Items here: ))) [[[.
Okay, then.
You now have 580 gold pieces (gained 16).
There is an open door, spattered with blood here.
Items here: ))) [[[.
B - a coppery potion As you open the door, it creaks loudly!
You hear a shout!
There is an open door here.
Found a leather armour.
You see here a +0 leather armour.
You open the door.
There is an open door here.
You see here a +0 plate armour.
C - a potion of heal wounds
Found a scale mail.
You see here a +0 scale mail.
You see here a +0 scale mail.
An ogre comes into view. It is wielding a +0 giant spiked club.
The ogre shouts!
The ogre hits you with a +0 giant spiked club!
You thump the ogre!
The ogre is moderately wounded.
You block the ogre's attack.
You hit the ogre.
The ogre is heavily wounded.
The ogre hits you with a +0 giant spiked club!
You hit the ogre.
The ogre is severely wounded.
You closely miss the ogre.
The ogre is severely wounded.
The ogre hits you with a +0 giant spiked club!!
Ouch! That really hurt!
You die...
Your body crumbles into a pile of gold.

...# ...# ####.# ...>
..#.# .... #.#.# $
.... ###.#.### .. .
....... #
.....######.#.######.#
.....................#
. ..............@O...#
# ...........#########
# #.#######..# # #.#
#..# # #.# #..#
###.#######..###
...............#
###.########.### # #.#
#.#


You could see an ogre.

Vanquished Creatures
  Sigmund (D:2)
  Duvessa (D:4)
  A black bear (D:4)
  Dowan (D:4)
  A hound (D:5)
  A gnoll bouda (D:5)
  Jessica (D:2)
  2 iguanas (D:5)
  A sleepcap (D:5)
  5 orc wizards
  8 gnolls (D:5)
  6 adders
  A white imp (D:5)
  An ufetubus (D:5)
  A worm (D:2)
  A dart slug (D:2)
  11 orcs
  5 ball pythons
  2 bats (D:2)
  5 endoplasms
  4 giant cockroaches
  7 goblins
  5 hobgoblins
  3 jackals (D:1)
  3 kobolds
  2 quokkas
  3 frilled lizards
  2 rats
85 creatures vanquished.

Notes
Turn   | Place    | Note
-------+----------+-------------------------------------------
     0 | D:1      | Tirrikindir the Gargoyle Fighter began the quest for the
                  | Orb.
     0 | D:1      | Reached XP level 1. HP: 14/14 MP: 1/1
   123 | D:1      | Reached XP level 2. HP: 6/19 MP: 2/2
   916 | D:2      | Noticed Jessica
   918 | D:2      | Found an opulent altar of Gozag.
   934 | D:2      | Reached XP level 3. HP: 4/23 MP: 3/3
   934 | D:2      | Killed Jessica
  1014 | D:2      | Became a worshipper of Gozag Ym Sagoz the Greedy
  1017 | D:2      | Noticed Sigmund
  1027 | D:2      | HP: 1/23 [Sigmund/+2 scythe of protection (5)]
  1029 | D:2      | Killed Sigmund
  1030 | D:2      | Reached skill level 1 in Dodging
  1030 | D:2      | Reached XP level 4. HP: 3/29 MP: 4/4
  1030 | D:2      | Reached XP level 5. HP: 3/33 MP: 5/5
  1423 | D:2      | Reached XP level 6. HP: 38/38 MP: 6/6
  2410 | D:4      | Noticed Duvessa
  2429 | D:4      | Noticed Dowan
  2444 | D:4      | Killed Duvessa
  2445 | D:4      | Reached skill level 1 in Evocations
  2453 | D:4      | Killed Dowan
  2454 | D:4      | Reached skill level 1 in Spellcasting
  2460 | D:4      | Reached XP level 7. HP: 26/43 MP: 8/8
  2476 | D:4      | Found a staircase to the Ecumenical Temple.
  2486 | Temple   | Entered the Ecumenical Temple
  3270 | D:5      | Entered Level 5 of the Dungeon
  3396 | D:5      | HP: 1/43 [gnoll/+0 halberd[a gnoll bouda] (9)]
  3584 | D:5      | Reached skill level 5 in Maces & Flails
  3756 | D:5      | Reached skill level 5 in Shields
  3903 | D:5      | Reached XP level 8. HP: 41/48 MP: 11/11
  3915 | D:5      | Reached skill level 5 in Armour
  4334 | D:5      | Mangled by an ogre

Illustrated notes

Levels and vault maps discovered:
D:1:      minmay_arrival_nine_rooms, layout_basic
D:2:      layout_loops_ring, basic_altar, uniq_sigmund, uniq_jessica
D:3:      layout_basic
D:4:      layout_rooms, temple_hall, uniq_duvessa
D:5:      layout_basic, kennysheep_generic_room_16
Temple:   nicolae_temple_bog_church

Skill      XL: |  1  2  3  4  5  6  7  8 |
---------------+-------------------------+-----
Fighting       | 4 |  4.0
Maces & Flails | 3 4 5 |  5.5
Armour         | 4 5 |  5.0
Dodging        | 1 2 |  2.0
Shields        | 4 5 |  5.0
Evocations     | 1 2 |  2.3
Spellcasting   | 1 2 |  2.2

Action                     |  1- 3 |  4- 6 |  7- 9 || total
---------------------------+-------+-------+-------++-------
  Melee: Flail             |    80 |   115 |   185 ||   380
  Throw: Dart              |       |     4 |       ||     4
  Evoke: Wand              |       |     6 |       ||     6
    Use: Potion            |     3 |     1 |     1 ||     5
         Scroll            |     4 |     4 |     2 ||    10
   Stab: Paralysed         |       |    14 |       ||    14
         Distracted        |       |       |     2 ||     2
 Armour: Chain mail        |    58 |    57 |   112 ||   227
  Dodge: Dodged            |    32 |    27 |    75 ||   134
  Block: Buckler           |     8 |    30 |   120 ||   158
         Reflection        |       |       |     1 ||     1
